 Dungeon Crawl Stone Soup version 0.28-a0-883-gc8d7bad45d (webtiles) character file.

Game seed: 5958880105106380230

19565 mandarbmax the Fruitful (level 12, -2/97 HPs)
             Began as a Demonspawn Monk on Nov 21, 2021.
             Was a Priest of Fedhas.
             Killed by an exploding ballistomycete spore (21 damage)
             ... set off by their pet
             ... in an ice cave.
             The game lasted 00:31:53 (16381 turns).

mandarbmax the Fruitful (Demonspawn Monk)          Turns: 16381, Time: 00:31:54

Health: -2/97      AC: 14    Str: 18    XL:     12   Next: 37%
Magic:  20/24      EV: 11    Int: 11    God:    Fedhas [***...]
Gold:   671        SH:  0    Dex: 25    Spells: 11/11 levels left

rFire   + . .      SeeInvis .   k - +5 whip (venom)
rCold   + + +      Faith    .   a - +2 tower shield {rC+}
rNeg    . . .      Spirit   .   q - +2 scale mail {rC+}
rPois   .          Reflect  .   n - +2 hat {Stlth+}
rElec   .          Harm     .   J - scarf {rC+ rF+}
rCorr   .          Rampage  .   (no gloves)
Will    .....                   i - +2 pair of boots
Stlth   +++.......              (no amulet)
HPRegen 0.26/turn               y - +6 ring of dexterity
MPRegen 0.19/turn               E - ring of protection from cold

@: confused
A: thin skeletal structure 2, demonic guardian 2, powered by death 2, demonic
touch 1
a: Renounce Religion, Wall of Briars, Grow Ballistomycete


You were in an ice cave.
You worshipped Fedhas.
Fedhas was most pleased with you.
You visited 2 branches of the dungeon, and saw 13 of its levels.
You also visited: Sewer and Ice Cave.

You collected 671 gold pieces.

Inventory:

Hand Weapons
 k - a +5 whip of venom (weapon)
 N - a +0 shortbow
Missiles
 s - 212 arrows
 x - 2 throwing nets (quivered)
Armour
 a - a +2 tower shield of cold resistance (worn)
 i - a +2 pair of boots (worn)
 n - a +2 hat of stealth (worn)
 q - a +2 scale mail of cold resistance (worn)
 z - +0 steam dragon scales
 D - a +2 cloak
 F - a +2 robe of willpower
 J - a scarf of resistance (worn)
Jewellery
 y - a +6 ring of dexterity (left hand)
 A - a ring of protection from cold
 E - a ring of protection from cold (right hand)
Wands
 c - a wand of polymorph (5)
 l - a wand of digging (7)
 H - a wand of flame (24)
 K - a wand of iceblast (2)
Scrolls
 b - 5 scrolls of enchant weapon
 f - a scroll of acquirement {unknown}
 g - 4 scrolls of fog
 h - a scroll of brand weapon
 j - 2 scrolls of blinking
 m - a scroll of silence
 p - a scroll of immolation
 v - a scroll of fear
 w - a scroll of amnesia
 M - a scroll of enchant armour
Potions
 d - a potion of resistance
 e - 2 potions of might
 o - 2 potions of haste
 r - 3 potions of mutation
 t - 2 potions of attraction
 u - 6 potions of flight
 B - 2 potions of heal wounds
 G - 2 potions of curing
 L - 2 potions of degeneration {unknown}


   Skills:
 - Level 10.0 Fighting
 - Level 7.0 Maces & Flails
 + Level 2.5 Bows
 - Level 6.0 Armour
 - Level 9.0 Dodging
 - Level 2.0 Stealth
 - Level 16.0 Invocations
 * Level 5.2 Evocations


You had 11 spell levels left.
You didn't know any spells.
Your spell library contained the following spells:

 Spells                   Type           Power      Damage    Failure   Level
 Pain                     Necr           0%         1d4       100%        1
 Ensorcelled Hibernation  Hex/Ice        0%         N/A       100%        2
 Static Discharge         Conj/Air       0%         N/A       100%        2
 Sublimation of Blood     Necr           0%         N/A       100%        2
 Dazzling Flash           Conj/Hex       0%         N/A       100%        3
 Gell's Gravitas          Tloc           0%         N/A       100%        3
 Ignite Poison            Fire/Tmut/Pois 0%         N/A       100%        3
 Lesser Beckoning         Tloc           0%         N/A       100%        3
 Mephitic Cloud           Conj/Pois/Air  0%         N/A       100%        3
 Ozocubu's Armour         Ice            0%         N/A       100%        3
 Teleport Other           Tloc           0%         N/A       100%        3
 Tukima's Dance           Hex            0%         N/A       100%        3
 Animate Dead             Necr           0%         N/A       100%        4
 Dispel Undead            Necr           0%         3d6       100%        4
 Fulminant Prism          Conj/Hex       0%         3d6       100%        4
 Iskenderun's Mystic Bla  Conj/Tloc      0%         2d3       100%        4
 Passage of Golubria      Tloc           0%         N/A       100%        4
 Petrify                  Tmut/Erth      0%         N/A       100%        4
 Sticky Flame             Conj/Fire      0%         2d3       100%        4
 Agony                    Necr           0%         N/A       100%        5
 Borgnjor's Vile Clutch   Necr/Erth      0%         N/A       100%        5
 Excruciating Wounds      Necr           0%         N/A       100%        5
 Fireball                 Conj/Fire      0%         3d3       100%        5
 Freezing Cloud           Conj/Ice/Air   0%         6-21      100%        5
 Irradiate                Conj/Tmut      0%         3d13      100%        5
 Iskenderun's Battlesphe  Conj           0%         2d6       100%        5
 Lee's Rapid Deconstruct  Erth           0%         3d5*      100%        5
 Silence                  Hex/Air        0%         N/A       100%        5
 Summon Forest            Summ/Tloc      0%         N/A       100%        5
 Summon Mana Viper        Hex/Summ       0%         N/A       100%        5
 Yara's Violent Unravell  Hex/Tmut       0%         3d3       100%        5
 Conjure Ball Lightning   Conj/Air       0%         3x3d6     100%        6
 Death Channel            Necr           0%         N/A       100%        6
 Starburst                Conj/Fire      0%         6d3       100%        6
 Summon Cactus Giant      Summ           0%         N/A       100%        6
 Orb of Destruction       Conj           0%         N/A       100%        7
 Ozocubu's Refrigeration  Ice            0%         4d5       100%        7
 Ignition                 Fire           0%         3d3       100%        8


Dungeon Overview and Level Annotations

Branches:
Dungeon (12/15)            Temple (1/1) D:6            Lair (0/6) D:10
    Orc (0/2) D:12          Sewer (visited)           IceCv (1/1)

Altars:
Cheibriados
Dithmenos
Elyvilon
Fedhas
Gozag
Hepliaklqana
Kikubaaqudgha
Nemelex Xobeh
Okawaru
Qazlal
Ru
Sif Muna
Trog
Uskayaw
Vehumet
Xom
Yredelemnul
The Shining One
Beogh

Shops:
D:5 =   D:8 :   D:11 [


Innate Abilities, Weirdness & Mutations

You have a moderately thin skeletal structure. (Dex +4, Stealth++)
A demonic guardian rushes to your aid.
You regenerate health from kills.
Your touch may inflict minor irresistible damage on your foes.


Message History

You hit the freezing wraith.
The freezing wraith is lightly damaged.
You block the freezing wraith's attack. The freezing wraith barely misses you.
You completely miss the freezing wraith.
The freezing wraith is lightly damaged.
You block the freezing wraith's attack. The freezing wraith closely misses you.
The freezing wraith hits you. The freezing wraith freezes you. You resist.
The freezing wraith barely misses you.
Aiming: Throw Flame
Press: ? - help, Shift-Dir - straight line, f - freezing wraith
Aim: a freezing wraith (lightly damaged, 74% to hit)
The puff of flame hits the freezing wraith but does no damage.
The freezing wraith is lightly damaged.
The freezing wraith hits you. The freezing wraith freezes you. You resist.
* * * LOW HITPOINT WARNING * * *
You block the freezing wraith's attack.
You see here 20 stones.
Unknown command.
Press: ? - help, Dir - move target, p - freezing wraith A ballistomycete grows from the ground.
You can no longer transform dungeon walls and trees into plant allies.
A ballistomycete spore comes into view.
Your ballistomycete spore explodes!
The explosion of spores engulfs the freezing wraith!!
The freezing wraith is almost destroyed.
Fedhas protects your plant from harm. The explosion of spores engulfs you!!
You are confused.
* * * LOW HITPOINT WARNING * * *
A demonic guardian appears!
A ballistomycete spore comes into view.
Your ballistomycete spore explodes!
Fedhas protects your plant from harm.
The explosion of spores engulfs the freezing wraith!!!
You destroy the freezing wraith!
Fedhas accepts your kill. The explosion of spores engulfs you!!
You are more confused.
You die...
Fedhas appreciates your contribution to the ecosystem.

#..# #### .## #...
##.## #..# #..#
... #..# #[[###..#
#.. #..# ##..8#..#
.. #.## #......#
##.#
#..####......#
##..#
##..##...P...#
#..#
#..#........###..#
#.##......@###..##
#...##...3.###..#
##..##.....##W.##
#.####.....#..#
#####..###...##
#.#.####.##
#....§####
#....§§.#
#####§§§§§##


You could see a friendly sixfirhy (summoned) and a friendly ballistomycete
(summoned).

Vanquished Creatures
  2 two-headed ogres (D:11)
  A necromancer (IceCv)
  A manticore (D:9)
  Joseph (D:8)
  An ice statue (IceCv)
  An unseen horror (D:11)
  Psyche (D:8)
  An anaconda simulacrum (IceCv)
  6 ice devils
  A tengu conjurer (D:9)
  A freezing wraith (IceCv)
  2 trolls
  A hornet (D:11)
  A meliai zombie (D:11)
  A vampire (D:10)
  A wraith (D:8)
  14 yaks
  A wyvern (D:10)
  A dire elephant simulacrum (IceCv)
  3 steam dragons
  Grum (D:7)
  2 death yak simulacra (IceCv)
  2 vampire mosquitoes (D:10)
  A harpy simulacrum (IceCv)
  6 water moccasins
  5 orc warriors
  4 black bears (D:10)
  Duvessa (D:7)
  An ice beast (D:6)
  5 centaurs
  An ogre (D:6)
  3 wolves (D:7)
  3 bullfrogs
  A kobold brigand (D:11)
  A two-headed ogre simulacrum (IceCv)
  2 cane toad simulacra (IceCv)
  3 scorpions
  A wyvern zombie (D:8)
  A water moccasin zombie (D:5)
  Dowan (D:7)
  A water moccasin skeleton (D:5)
  2 elephant simulacra (IceCv)
  3 howler monkeys
  2 centaur zombies
  A jelly (D:8)
  2 hounds (D:5)
  5 orc priests
  Jessica (D:2)
  5 orc wizards
  A scorpion zombie (D:4)
  An iguana (D:6)
  A killer bee zombie (D:8)
  A spriggan simulacrum (IceCv)
  3 polar bear simulacra (IceCv)
  A wolf simulacrum (IceCv)
  A hound skeleton (D:5)
  4 gnolls (D:5)
  A river rat (D:5)
  7 adders
  A howler monkey skeleton (D:6)
  A white imp (IceCv)
  2 ufetubi
  5 worms
  3 dart slugs
  36 orcs
  10 endoplasms
  7 giant cockroaches
  2 hobgoblins
  12 jackals
  9 quokkas
  8 ball pythons
  8 bats
  A frilled lizard (D:1)
  7 goblins
  11 kobolds
  6 rats
259 creatures vanquished.

Vanquished Creatures (collateral kills)
  Gastronok (D:8)
  A manticore (D:9)
  A cyclops (D:9)
  An ice devil (IceCv)
  A slime creature (D:9)
  5 yaks
  A shadow (D:11)
  A wraith (D:10)
  2 death yak simulacra (IceCv)
  A water moccasin (D:10)
  A wolf (D:7)
  An orc warrior (D:6)
  A cane toad simulacrum (IceCv)
  A two-headed ogre simulacrum (IceCv)
  2 water moccasin skeletons
  5 wights
  A jelly (D:6)
  A centaur zombie (D:9)
  2 orc priests
  An orc wizard (D:11)
  A spriggan simulacrum (IceCv)
  A wolf simulacrum (IceCv)
  5 orcs
  A jackal (D:1)
  A quokka (D:1)
  36 ballistomycete spores
76 creatures vanquished.

Vanquished Creatures (others)
  An orc wizard (D:6)
  4 ballistomycete spores
  16 fungi (D:10)
  21 plants (D:10)
42 creatures vanquished.

Grand Total: 377 creatures vanquished

Notes
Turn   | Place    | Note
-------+----------+-------------------------------------------
     0 | D:1      | mandarbmax the Demonspawn Monk began the quest for the Orb.
     0 | D:1      | Reached XP level 1. HP: 18/18 MP: 1/1
   364 | D:1      | Found a faded altar of an unknown god.
   373 | D:1      | Gained mutation: A weak demonic guardian rushes to your
                  | aid. [demonic ancestry]
   373 | D:1      | Reached XP level 2. HP: 18/24 MP: 2/2
  1255 | D:1      | Gained mutation: A demonic guardian rushes to your aid.
                  | [demonic ancestry]
  1255 | D:1      | Reached XP level 3. HP: 29/29 MP: 3/3
  1834 | D:2      | Reached XP level 4. HP: 34/37 MP: 4/4
  1915 | D:2      | Noticed Jessica
  1923 | D:2      | Killed Jessica
  2646 | D:3      | Found a shimmering blue altar of Sif Muna.
  2734 | D:3      | Found an ancient bone altar of Kikubaaqudgha.
  2821 | D:3      | Gained mutation: You regenerate a little health from kills.
                  | [demonic ancestry]
  2821 | D:3      | Reached XP level 5. HP: 39/42 MP: 5/5
  3526 | D:4      | Gained mutation: Your touch may inflict minor irresistible
                  | damage on your foes. [demonic ancestry]
  3526 | D:4      | Reached XP level 6. HP: 49/49 MP: 6/6
  3863 | D:4      | Found a basalt altar of Yredelemnul.
  4206 | D:5      | Entered Level 5 of the Dungeon
  4353 | D:5      | Reached skill level 5 in Fighting
  4395 | D:5      | Found a snail-covered altar of Cheibriados.
  4482 | D:5      | Reached XP level 7. HP: 56/56 MP: 7/7
  4495 | D:5      | Found Cidiob's Jewellery Boutique.
  4589 | D:5      | Found a glowing drain.
  4593 | Sewer    | Entered a sewer
  5222 | D:5      | Found a sparkling altar of Nemelex Xobeh.
  5532 | D:6      | Reached skill level 5 in Maces & Flails
  5532 | D:6      | Reached skill level 5 in Dodging
  5732 | D:6      | Noticed a steam dragon
  5746 | D:6      | Killed a steam dragon
  5970 | D:6      | Gained mutation: You regenerate health from kills. [demonic
                  | ancestry]
  5970 | D:6      | Reached XP level 8. HP: 48/64 MP: 8/8
  6370 | D:6      | Found a runed translucent door.
  6528 | D:6      | Found a staircase to the Ecumenical Temple.
  6537 | Temple   | Entered the Ecumenical Temple
  6595 | Temple   | Became a worshipper of Fedhas Madash
  6595 | Temple   | Reached * piety under Fedhas
  6595 | Temple   | Reached ** piety under Fedhas
  6871 | D:6      | Reached skill level 15 in Invocations
  6871 | D:6      | Gained mutation: You have a somewhat thin skeletal
                  | structure. (Dex +2, Stealth+) [demonic ancestry]
  6871 | D:6      | Reached XP level 9. HP: 71/71 MP: 8/20
  7218 | D:7      | Found a hazy altar of Hepliaklqana.
  7267 | D:7      | Found a stormy altar of Qazlal.
  7461 | D:7      | Reached *** piety under Fedhas
  7681 | D:7      | Found a radiant altar of Vehumet.
  7689 | D:7      | Noticed Duvessa
  7689 | D:7      | Noticed Dowan
  7694 | D:7      | Killed Duvessa
  7697 | D:7      | Killed Dowan
  7854 | D:7      | Found a sacrificial altar of Ru.
  7857 | D:7      | Found a hide-covered altar of Uskayaw.
  7907 | D:8      | Noticed Grum
  7912 | D:8      | Noticed Joseph
  8062 | D:7      | Killed Grum
  8063 | D:7      | Reached XP level 10. HP: 21/79 MP: 21/21
  8379 | D:8      | Killed Joseph
  8995 | D:8      | Found a shadowy altar of Dithmenos.
  9016 | D:8      | Found Gic Haph's Book Shop.
  9101 | D:8      | Noticed Gastronok
  9130 | D:8      | Killed Gastronok
  9385 | D:8      | Noticed Psyche
  9399 | D:8      | Killed Psyche
  9400 | D:8      | Reached skill level 16 in Invocations
  9941 | D:9      | Found a bloodstained altar of Trog.
 10000 | D:9      | Reached skill level 1 in Armour
 10110 | D:9      | Noticed a cyclops
 10130 | D:9      | HP: 1/80 [cyclops (9)]
 10133 | D:9      | Killed a cyclops
 10134 | D:9      | Reached XP level 11. HP: 2/86 MP: 23/23
 10831 | D:9      | Found an opulent altar of Gozag.
 11797 | D:10     | Entered Level 10 of the Dungeon
 11895 | D:10     | Reached **** piety under Fedhas
 11992 | D:10     | Found a staircase to the Lair.
 13431 | D:11     | Found Xyhoa's Antique Armour Emporium.
 13431 | D:11     | Noticed a two-headed ogre
 13442 | D:11     | Killed a two-headed ogre
 14128 | D:11     | Noticed a two-headed ogre
 14135 | D:11     | Killed a two-headed ogre
 14136 | D:11     | Reached skill level 5 in Armour
 14136 | D:11     | Reached skill level 1 in Evocations
 14460 | D:11     | Gained mutation: You have a moderately thin skeletal
                  | structure. (Dex +4, Stealth++) [demonic ancestry]
 14460 | D:11     | Reached XP level 12. HP: 42/97 MP: 24/24
 15073 | D:12     | Found an iron altar of Okawaru.
 15114 | D:12     | Found a frozen archway.
 15270 | IceCv    | Entered an ice cave
 15310 | IceCv    | Reached skill level 1 in Bows
 15404 | IceCv    | Reached skill level 10 in Fighting
 15925 | IceCv    | Reached skill level 5 in Evocations
 16381 | IceCv    | Killed by an exploding ballistomycete spore... set off by
                  | their pet

Illustrated notes

Levels and vault maps discovered:
D:1:      amcnicky_arrival_blooded_trapdoor, layout_basic,
          hellmonk_ecumenical_altar_dog_temple, hangedman_feature_mirror,
          chequers_garden, st_stairs_6
D:2:      layout_basic, nrook_loot_triangle, uniq_jessica
D:3:      layout_loops_ring, general_overflow_altar,
          mainiacjoe_overflow_alcove_4, serial_bayou_lagoon_a
D:4:      layout_gridville, lemuel_zombie_altar_yredelemnul
D:5:      layout_basic, nicolae_overflow_crystal_walls,
          nemelex_xobeh_ov_fountains_minmay, serial_shops, nicolae_diamond_shop,
          gup_sewer_entry_spiral, kennysheep_crisscross,
          minmay_misc_feat_secret_circle
D:6:      layout_loops_corners, minmay_temple_entry_grid, chequers_mini_garden,
          small_statue_intersection, lightli_church_of_beogh
D:7:      layout_cave_pools, minitemple, mainiacjoe_overflow_paths,
          mainiacjoe_overflow_concentric_impassable,
          mainiacjoe_overflow_surrounded_room, eino_tiny_chamber, uniq_duvessa
D:8:      layout_loops_cross, grunt_dithmenos_smoke_and_mirrors, serial_shops,
          shop, fountainhead, minmay_misc_feat_tiny, minmay_misc_feat_x,
          uniq_gastronok, uniq_psyche, uniq_joseph, uniq_grum
D:9:      minmay_the_grid_net [minmay_the_grid_spin_star,
          minmay_the_grid_zigzag_pyramid, minmay_the_grid_mess,
          minmay_the_grid_broken_lines, minmay_the_grid_paths,
          minmay_the_grid_prize_inner_circle], layout_long_grid,
          mainiacjoe_overflow_catwalk, grunt_gozag_statues,
          minmay_misc_feat_more_columns
D:10:     layout_small_grid, due_lair_maze_entry_diamond
D:11:     layout_irregular_city, serial_shops, kennysheep_mini_moat,
          minmay_misc_feat_cross
D:12:     layout_roguey, erik_orc_3, portal_ice_cave_demonic_guard,
          okawaru_ov_weapons_minmay
Temple:   nicolae_temple_figure_zero
IceCv:    ice_cave_small_necro

Skill      XL: |  1  2  3  4  5  6  7  8  9 10 11 12 |
---------------+-------------------------------------+-----
Stealth        | 2 |  2.0
Dodging        | 3 4 5 6 7 8 9 |  9.0
Maces & Flails | 3 4 5 6 7 |  7.0
Fighting       | 4 5 6 7 8 9 10 | 10.0
Invocations    | 15 16 | 16.0
Armour         | 2 5 6 |  6.0
Evocations     | 2 5 |  5.2
Bows           | 2 |  2.5

Action                   |  1- 3 |  4- 6 |  7- 9 | 10-12 || total
-------------------------+-------+-------+-------+-------++-------
Melee: Mace              |    65 |       |       |       ||    65
       Whip              |    53 |   157 |   266 |   541 ||  1017
       Touch             |       |    15 |    26 |       ||    41
Invok: Grow Ballistomyce |       |       |     1 |     9 ||    10
Evoke: Wand              |       |       |       |    20 ||    20
  Use: Scroll            |       |    11 |     7 |    10 ||    28
       Potion            |       |       |     7 |     3 ||    10
 Stab: Sleeping          |    10 |     3 |     7 |     8 ||    28
       Distracted        |       |       |     1 |     1 ||     2
       Confused          |       |       |       |     1 ||     1
Armor: Robe              |    22 |       |     6 |   170 ||   198
       Leather armour    |    10 |    60 |    29 |       ||    99
       Steam dragon scal |       |       |    30 |       ||    30
       Skin              |       |       |     4 |     1 ||     5
       Scale mail        |       |       |       |    16 ||    16
Dodge: Dodged            |    84 |   106 |   156 |   269 ||   615
Block: Tower shield      |       |       |   120 |   420 ||   540

Table legend: (Time is in decaauts)
 A = Elapsed time spent in this place.
 B = Non-inter-level travel time spent in this place.
 C = Inter-level travel time spent in this place.
 D = Time resting spent in this place.
 E = Time spent auto-exploring this place.
 F = Levels seen in this place.
 G = Mean time per level.
                   A        B        C        D        E       F      G
               +--------+--------+--------+--------+--------+-----+--------+
         Total |  16760 |  16241 |    519 |   4173 |   8683 |  15 | 1117.3 |
       Dungeon |  15036 |  14529 |    507 |   3511 |   8223 |  12 | 1253.0 |
        Temple |     70 |     58 |     12 |      0 |     52 |   1 |   70.0 |
         Sewer |    527 |    527 |      0 |      0 |    323 |   1 |  527.0 |
      Ice Cave |   1124 |   1124 |      0 |    662 |     85 |   1 | 1124.0 |
               +--------+--------+--------+--------+--------+-----+--------+

Top non-repeatable levels by time:
    D:10: 1802 daAuts
     D:8: 1707 daAuts
     D:9: 1659 daAuts
     D:6: 1581 daAuts
    D:11: 1540 daAuts
     D:7: 1485 daAuts
     D:1: 1400 daAuts
   IceCv: 1124 daAuts
     D:4: 1047 daAuts
     D:2: 1011 daAuts
     D:5: 807 daAuts
     D:3: 788 daAuts
   Sewer: 527 daAuts
    D:12: 204 daAuts
  Temple: 70 daAuts
